 Dungeon Crawl Stone Soup version 0.31-a0-620-gd1cbd99268 (webtiles) character file.

Game seed: 2830170410333897468

42 thirtiethelement the Chopper (level 3, -1/27 HPs)
             Began as a Demonspawn Gladiator on Aug 23, 2023.
             Killed by divine providence
             ... invoked by an orc priest
              (9 damage)
             ... on level 2 of the Dungeon.
             The game lasted 00:03:49 (2001 turns).

thirtiethelement the Chopper (Demonspawn Gladiator) Turns: 2001, Time: 00:03:50

Health: -1/27      AC: 19    Str: 16    XL:     3   Next: 35%
Magic:  3/3        EV:  8    Int:  5    God:
Gold:   81         SH:  0    Dex: 14    Spells: 2/2 levels left

rFire   + + .        a - +0 war axe
rCold   . . .        (no shield)
rNeg    + + .        t - +10 chain mail of the Zebrataur {Fly rF+ rN++ Int-4}
rPois   .            (helmet restricted)
rElec   .            g - +0 cloak
rCorr   .            (no gloves)
SInv    .            (no boots)
Will    .....        (no amulet) Stlth
                     o - ring of protection from fire
HPRegen 0.24/turn    (no ring)
MPRegen 0.08/turn

%: no passive effects
@: flying
A: antennae 1, powered by death 1
a: no special abilities


You were on level 2 of the Dungeon.
You visited 1 branch of the dungeon, and saw 3 of its levels.

You collected 81 gold pieces.

Inventory:

Hand Weapons
 a - a +0 war axe (weapon)
Missiles
 b - 5 atropa-tipped darts
 d - 3 throwing nets
 e - a javelin
 j - 2 boomerangs (quivered)
 s - 4 silver javelins
Armour
 g - a +0 cloak (worn)
 t - the +10 chain mail of the Zebrataur (worn) {Fly rF+ rN++ Int-4}
   (You found it on level 2 of the Dungeon)

   Int-4:     It affects your intelligence (-4).
   rF+:       It protects you from fire.
   rN++:      It greatly protects you from negative energy.
   Fly:       It grants you flight.
Jewellery
 o - a ring of protection from fire (left hand)
Talismans
 h - a beast talisman
 k - a storm talisman
Scrolls
 c - a scroll of torment {unknown}
 i - 2 scrolls of silence {unknown}
 l - a scroll of fear {unknown}
 m - 2 scrolls of identify {unknown}
 q - a scroll of teleportation {unknown}
 r - a scroll of enchant weapon {unknown}
Potions
 f - a potion of ambrosia {unknown}
 n - a potion of curing {unknown}
 p - a potion of haste {unknown}


   Skills:
 + Level 2.1 Fighting
 + Level 3.3 Axes
 + Level 1.8 Throwing
 + Level 1.1 Armour
 + Level 3.0 Dodging


You had 2 spell levels left.
You didn't know any spells.
Your spell library contained the following spells:

 Spells                   Type           Power      Damage    Failure   Level
 Apportation              Tloc           0%         N/A       100%        1
 Alistair's Intoxication  Tmut/Pois      0%         N/A       100%        5


Dungeon Overview and Level Annotations

Branches:
Dungeon (3/15)

Altars:
Kikubaaqudgha

Shops:
D:1 [


Innate Abilities, Weirdness & Mutations

You have a pair of small antennae on your head.
You regenerate a little health from kills.


Message History

There is a stone staircase leading down here.
You fly downwards.
The orc hits you but does no damage.
There is a stone staircase leading up here.
The orc priest hits you but does no damage.
The orc barely misses you.
You fly upwards.
There is a stone staircase leading down here.
You closely miss the orc priest. You closely miss the orc.
The orc priest invokes the aid of Beogh against you.
You barely resist. The orc hits you but does no damage.
The orc priest looks encouraged for a moment.
You closely miss the orc priest. You hit the orc.
The orc hits you but does no damage.
The orc priest hits you but does no damage.
The orc barely misses you.
You barely miss the orc priest. You slash the orc!
You kill the orc!
The orc priest barely misses you.
You hit the orc priest.
The orc priest is moderately wounded.
The orc priest barely misses you.
You closely miss the orc priest.
The orc priest is moderately wounded.
The orc priest hits you with a +0 club.
The orc priest hits you but does no damage.
You slash the orc priest!
The orc priest is severely wounded.
The orc priest mumbles some strange prayers to Beogh against you.
Beogh smites you!
Ouch! That really hurt!
* * * LOW HITPOINT WARNING * * *
You hit the orc priest but do no damage.
The orc priest is severely wounded.
The orc priest hits you but does no damage.
The orc priest closely misses you.
You closely miss the orc priest.
The orc priest is severely wounded.
The orc priest invokes the aid of Beogh against you.
Beogh smites you!
You die...

#.# ####'#### #.# #[#
#.......# #.# #.#
#.##.##.# #.# #.#
#.##.##.# #.# #.#
#.#...#.# #.# #.#
#.......########.# #.#
#.#..............#
#.###.##.##.##########
#.....@).##.#
#####.o.....#
####.#### #.#
######### ###.######
#.......# #........#
#.#####.# #.#.####.#
#.# #.######.#.## #.#
#.#####...........#
#.#


You could see an orc priest.

Vanquished Creatures
  2 worms (D:2)
  3 orcs
  4 bats
  2 endoplasms
  A giant cockroach (D:2)
  A goblin (D:2)
  2 hobgoblins
  7 jackals
  3 ball pythons
  A frilled lizard (D:1)
  2 kobolds
  4 rats
32 creatures vanquished.

Notes
Turn   | Place    | Note
-------+----------+-------------------------------------------
     0 | D:1      | thirtiethelement the Demonspawn Gladiator began the quest
                  | for the Orb.
     0 | D:1      | Reached XP level 1. HP: 16/16 MP: 1/1
    83 | D:1      | Found Gumpaf's Antique Armour Boutique.
   366 | D:1      | Gained mutation: You regenerate a little health from kills.
                  | [demonic ancestry]
   366 | D:1      | Reached XP level 2. HP: 22/22 MP: 2/2
  1206 | D:2      | Reached skill level 1 in Armour
  1404 | D:2      | Gained mutation: You have a pair of small antennae on your
                  | head. [demonic ancestry]
  1404 | D:2      | Reached XP level 3. HP: 27/27 MP: 3/3
  1562 | D:2      | Found an ancient bone altar of Kikubaaqudgha.
  1705 | D:2      | Identified the +10 chain mail of the Zebrataur {Fly rF+
                  | rN++ Int-4}
  2001 | D:2      | Killed from afar by an orc priest

Illustrated notes

Levels and vault maps discovered:
D:1:      wander_arrival_estate, layout_loops_corners, serial_shops,
          nicolae_shop_advertising_works [nicolae_subvault_shop_adworks]
D:2:      layout_loops_corners, basic_altar
D:3:      layout_rooms, lemuel_blue_sif_altar, mainiacjoe_overflow_divided_tiny,
          shapermc_ecumenical_altar_flowoftime, minmay_close_crescents,
          uniq_robin, uniq_terence, uniq_natasha

Skill      XL: |  1  2  3 |
---------------+----------+-----
Axes           | 3 |  3.3
Armour         | 1 |  1.1
Dodging        | 3 |  3.0
Fighting       | |  2.1
Throwing       | |  1.8

Action                     || total
---------------------------++-------
  Melee: War axe           ||   123
         Punch             ||     2
  Throw: Boomerang         ||     3
 Armour: Leather armour    ||    40
         Chain mail        ||    24
  Dodge: Dodged            ||   103

Table legend: (Time is in decaauts)
 A = Elapsed time spent in this place.
 B = Non-inter-level travel time spent in this place.
 C = Inter-level travel time spent in this place.
 D = Time resting spent in this place.
 E = Time spent auto-exploring this place.
 F = Levels seen in this place.
 G = Mean time per level.
                   A        B        C        D        E       F      G
               +--------+--------+--------+--------+--------+-----+--------+
         Total |   2045 |   2002 |     43 |     48 |   1556 |   3 |  681.7 |
       Dungeon |   2045 |   2002 |     43 |     48 |   1556 |   3 |  681.7 |
               +--------+--------+--------+--------+--------+-----+--------+

Top non-repeatable levels by time:
     D:2: 1142 daAuts
     D:1: 854 daAuts
     D:3: 48 daAuts
